Get step-by-step instructions on how to execute this build order below. Start the game timer, and the build order will tick by so you can play in parallel with StarCraft on a second screen or mobile device.

Game Time

  0:00

Last Step

  N/A

Next Step

Upcoming Step



Don't want to look back and forth between 2 screens? Try out our Overwolf App, the Spawning Tool Build Advisor to get an in-game overlay with this build!

Complete Build Order

  12  0:00  Probe  
  13  0:12  Probe  
  14  0:19  Pylon  
  14  0:24  Probe  
  15  0:37  Probe (Chrono Boost)  
  15  0:40  Gateway  
  16  0:46  Probe (Chrono Boost)  
  17  0:50  Assimilator  
  17  0:52  Probe  
  18  1:04  Probe  
  19  1:17  Probe  
  20  1:27  Nexus  
  20  1:37  Cybernetics Core  
  21  1:40  Probe  
  21  1:46  Assimilator  
  21  1:52  Probe  
  22  1:54  Pylon  
  22  2:04  Probe  
  23  2:11  Adept (Chrono Boost)  
  25  2:16  Probe  
  25  2:20  Stargate  
  26  2:28  Probe  
  27  2:31  Adept (Chrono Boost)  
  27  2:35  Warp Gate  
  29  2:39  Probe  
  29  2:40  Probe  
  31  2:51  Probe  
  32  2:52  Probe  
  32  2:54  Zealot  
  35  3:01  Oracle (Chrono Boost)  
  35  3:03  Probe  
  35  3:04  Probe  
  40  3:15  Probe  
  40  3:16  Probe  
  42  3:25  Pylon  
  42  3:26  Gateway  
  42  3:27  Probe  
  42  3:33  Oracle (Chrono Boost)  
  46  3:43  Probe x2  
  46  3:46  Nexus  
  48  3:55  Probe x2  
  48  4:07  Probe x2, Pylon  
  48  4:10  Twilight Council  
  48  4:20  Probe x2  
  50  4:26  Stalker x2  
  50  4:28  Gateway  
  50  4:30  Gateway  
  54  4:32  Probe x2  
  54  4:37  Assimilator  
  54  4:38  Assimilator  
  56  4:41  Blink (Chrono Boost)  
  56  4:44  Probe, Pylon  
  54  4:47  Probe  
  54  4:50  Gateway  
  54  4:51  Stalker  
  57  4:56  Probe  
  57  4:57  Stalker  
  57  4:58  Probe  
  61  5:01  Probe  
  62  5:08  Probe  
  62  5:10  Probe  
  62  5:13  Probe  
  65  5:15  Shield Battery  
  65  5:16  Stalker  
  65  5:20  Probe, Stalker  
  70  5:22  Probe  
  70  5:25  Probe  
  70  5:27  Oracle (Chrono Boost), Forge  
  72  5:35  Probe  
  76  5:37  Probe  
  76  5:40  Pylon  
  76  5:41  Stalker  
  80  5:43  Stalker  
  80  5:46  Probe  
  80  5:47  Probe  
  83  5:52  Stalker  
  83  5:53  Pylon  
  85  5:58  Probe  
  85  6:00  Stalker  
  85  6:02  Probe  
  85  6:03  Probe  
  88  6:04  Stalker  
  88  6:11  Probe  
  91  6:14  Probe  
  91  6:16  Probe  
  91  6:17  Stalker x2  
  95  6:19  Assimilator  
  95  6:21  Assimilator, Protoss Ground Weapons Level 1 (Chrono Boost)  
  95  6:22  Templar Archives  
  95  6:23  Probe  
  96  6:26  Probe, Pylon  
  96  6:28  Probe  
  96  6:35  Zealot  
  96  6:36  Zealot  
  100  6:41  Probe, Pylon  
  100  6:46  Pylon  
  100  6:47  Probe  
  100  6:51  Probe  
  100  6:52  Charge (Chrono Boost)  
  102  6:55  Pylon  
  102  6:59  Pylon  
  102  7:02  Nexus, Zealot x3  
  102  7:07  Zealot  
  107  7:17  Probe  
  107  7:19  Probe  
  107  7:20  Psionic Storm  
  109  7:23  Gateway  
  109  7:27  Gateway  
  109  7:28  High Templar x4  
  109  7:29  Photon Cannon, Probe  
  118  7:31  Probe  
  118  7:33  Probe  
  118  7:36  Robotics Facility  
  120  7:39  Pylon  
  120  7:42  Probe  
  121  7:49  Probe  
  121  7:50  Pylon  
  122  7:51  Gateway  
  122  7:53  Gateway  
  122  8:00  Zealot x4  
  122  8:02  Probe  
  122  8:03  Archon  
  127  8:06  Probe  
  127  8:08  Probe  
  127  8:12  Protoss Ground Weapons Level 2 (Chrono Boost)  
  125  8:15  Nexus  
  126  8:20  Gateway  
  126  8:24  Assimilator  
  126  8:25  Gateway, High Templar  
  126  8:26  High Templar x3  
  133  8:28  Assimilator  
  133  8:32  Shield Battery  
  133  8:37  Warp Prism (Chrono Boost)  
  133  8:40  Probe  
  136  8:43  High Templar x2  
  140  8:49  Archon  
  140  8:51  Zealot x2  
  140  8:52  Archon  
  140  8:54  Probe  
  129  8:58  Probe x2  
  129  9:02  High Templar x2  
  131  9:07  Zealot x2, Probe  
  131  9:09  Observer (Chrono Boost)  
  139  9:11  Probe x2  
  141  9:17  Gateway, High Templar  
  141  9:18  High Templar  
  141  9:19  Gateway  
  141  9:23  Zealot x4  
  153  9:29  Probe  
  153  9:31  Forge  
  154  9:32  Zealot x2  
  158  9:41  Immortal (Chrono Boost)  
  162  9:47  Robotics Facility  
  162  9:49  Photon Cannon  
  162  9:51  Photon Cannon  
  162  9:55  High Templar x3  
  168  10:00  High Templar  
  168  10:03  Archon  
  168  10:04  Archon, Photon Cannon  
  170  10:10  Pylon  
  170  10:11  Pylon  
  170  10:12  Pylon  
  170  10:19  Protoss Shields Level 1 (Chrono Boost)  
  170  10:21  Zealot  
  170  10:26  Pylon  
  170  10:27  Immortal (Chrono Boost)  
  170  10:28  Probe  
  177  10:29  Pylon  
  167  10:36  Protoss Ground Weapons Level 3 (Chrono Boost)  
  167  10:41  Immortal (Chrono Boost)  
  167  10:43  High Templar  
  159  10:56  Zealot x11  
  169  10:58  Immortal (Chrono Boost)  
  169  11:01  Nexus  
  169  11:03  Pylon  
  167  11:22  Immortal (Chrono Boost)  
  141  11:30  Zealot x11  
  155  11:34  Archon  
  155  11:38  Zealot  
  147  11:50  Immortal (Chrono Boost)  
  147  11:51  High Templar x5  
  159  11:58  Probe  
  160  12:03  Zealot x5  
  160  12:04  Zealot  
  160  12:05  Zealot  
  160  12:06  Immortal (Chrono Boost)  
  178  12:13  Photon Cannon  
  178  12:14  Protoss Shields Level 2 (Chrono Boost), Photon Cannon  
  176  12:17  Assimilator  
  172  12:27  Observer (Chrono Boost)  
  171  12:31  High Templar x4  
  171  12:32  Zealot x7  
  188  12:37  Immortal (Chrono Boost)  
  188  12:39  Archon  
  188  12:40  Zealot, Archon  
  188  12:41  Immortal (Chrono Boost)  
  168  12:52  Zealot x7  
  182  13:01  Protoss Ground Armor Level 1 (Chrono Boost)  
  182  13:12  Immortal (Chrono Boost)  
  184  13:13  Assimilator, Immortal (Chrono Boost)  
  184  13:15  High Templar x3  
  184  13:16  High Templar x3  
  184  13:17  Zealot x4  
  200  13:21  Archon x2  
  200  13:26  Archon  
  180  13:32  Zealot x2  
  162  13:41  Zealot x4  
  166  13:46  Immortal  
  162  14:03  Zealot x12  
  184  14:11  Archon  
  184  14:16  Immortal (Chrono Boost)  
  148  14:22  Immortal (Chrono Boost)  
  138  14:26  Probe x3  
  138  14:27  Probe  
  138  14:28  High Templar x4  
  138  14:31  Protoss Shields Level 3 (Chrono Boost), High Templar x4  
  154  14:35  Archon  
  154  14:37  Archon  
  158  14:41  Probe  
  158  14:43  Probe  
  158  14:46  Zealot x3  
  158  14:47  Zealot  
  158  14:51  Immortal (Chrono Boost)  
  166  14:54  Immortal (Chrono Boost)  
  166  14:58  Protoss Ground Armor Level 2  
  168  15:01  Zealot  
  162  15:15  High Templar x4  
  162  15:16  High Templar x2  
  162  15:17  Zealot x5  
  162  15:20  Archon x2  
  162  15:21  Warp Prism  
  176  15:26  Immortal (Chrono Boost)  
  176  15:28  Zealot  
  184  15:29  Shield Battery  
  184  15:31  Pylon  
  182  15:39  Zealot x5  
  183  15:47  Zealot  
  177  15:52  High Templar x3  
  177  15:53  High Templar x2  
  177  15:54  High Templar  
  177  15:56  Archon x2  
  189  15:57  Archon  
  189  15:58  Archon  
  189  16:02  Immortal (Chrono Boost)  
  194  16:08  Observer (Chrono Boost)  
  194  16:23  Zealot x5, Archon x2  
  198  16:31  Observer  
  147  16:43  Zealot x4  
  147  16:44  Zealot x4  
  163  16:47  Zealot x4  
  168  17:05  Zealot x2  
  168  17:07  High Templar x4  
  180  17:12  Zealot x3  
  180  17:13  Zealot x3  
  182  17:31  Zealot x2  
  182  17:34  Immortal  
  170  17:40  High Templar x4  
  170  17:42  Stalker  
  180  17:46  Archon  
  174  17:55  High Templar x4  
  174  17:57  High Templar x2, Zealot  
  180  18:00  Probe  
  180  18:03  Archon  
  180  18:04  Archon  
  174  18:08  Archon  
  174  18:10  Zealot  
  174  18:11  Probe  
  172  18:12  Zealot  
  172  18:13  Zealot x3  
  178  18:20  Zealot  
  172  18:47  Zealot x6  
  172  18:48  Zealot  
  178  19:05  Nexus  
  168  19:17  Zealot x3  
  172  19:35  High Templar  
  172  19:36  High Templar x3, Zealot  
  180  19:43  Zealot x2, Archon x2  
  164  20:03  High Templar x4  
  172  20:13  Archon  
  172  20:14  Observer  
  166  20:23  Zealot  
  166  20:28  Archon  
  168  20:35  Void Ray (Chrono Boost)  
  172  20:39  Stalker x4  
  172  20:53  Zealot  
  172  20:54  Zealot x4  
  168  21:13  Stalker x3  
  164  21:32  Zealot x4